AoeStats
← [S&H] stellar

Golden Pit

509209791Analyzed
1v1 RM · 5d ago on Sep 25, 2026· 60m 51s· 2 players
Game mode
Random Map
Map size
Tiny (2 player)
Population
200
Speed
Normal
Resources
Standard
Victory
Conquest
Starting age
Dark Age
Ending age
Imperial Age
RankedLock teamsTeams togetherTeam positionsShared explorationLock speedFull tech treeHidden civsTurbo modeCheats
Victory
Defeat
🇩🇪 Saracens · Germany
1165
+16
🇨🇱 Bengalis · Chile
1171
-16
[S&H] stellar
8:50 Loom
10:55 Feudal Age
15:39 Castle Age
14:59 Double-Bit Axe
14:56 Horse Collar
21:32 Stone Mining
24:10 Bow Saw
24:38 Wheelbarrow
26:25 Fletching
32:49 Imperial Age
33:01 Imperial Age
33:19 Bodkin Arrow
33:44 Gold Mining
35:19 Chemistry
36:13 Light Cavalry
37:00 Scale Barding Armor
37:06 Forging
37:47 Bloodlines
37:43 Husbandry
37:25 Hussar
37:45 Elite Mameluke
40:02 Chain Barding Armor
41:41 Iron Casting
42:38 Plate Barding Armor
42:20 Bracer
44:17 Blast Furnace
47:17 Conscription
53:57 Siege Engineers
56:14 Padded Archer Armor
57:29 Ballistics
57:29 Heavy Plow
57:18 Capped Ram
58:20 Siege Ram
Perro Loco
6:47 Loom
9:17 Feudal Age
9:46 Double-Bit Axe
18:52 Castle Age
17:39 Fletching
17:47 Horse Collar
18:39 Padded Archer Armor
20:24 Town Watch
20:51 Bow Saw
21:54 Husbandry
23:15 Bloodlines
23:41 Elite Skirmisher
28:16 Scale Barding Armor
31:31 Wheelbarrow
31:49 Gold Mining
32:20 Stone Mining
32:42 Bodkin Arrow
35:01 Hand Cart
35:44 Town Patrol
37:01 Leather Archer Armor
36:58 Forging
40:00 Chain Barding Armor
41:02 Iron Casting
44:34 Heavy Plow
48:28 Imperial Age
47:07 Light Cavalry
48:40 Ballistics
49:14 Bracer
51:43 Plate Barding Armor
51:38 Ring Archer Armor
52:24 Conscription
53:45 Two-Man Saw
57:03 Blast Furnace
Connection lost

Rejoining the realm…

Still unreachable

The connection could not be restored.

Session expired

The server has moved on; the page needs a fresh start.